Map: Acropolis LE

Players

Cham - Winner!

  • Race: Zerg Zerg
  • Spawn Location: 5:00

Trumpet

  • Race: Protoss Protoss
  • Spawn Location: 11:00

VOD

Have the link to the VOD?

Description

Time

  • Played on: Sept. 6, 2019, 12:29 p.m.
  • Length: 6:58
Show
View Real Time Build Order
Export as new Build Order

Cham Zerg - Winner!

Build Orders: Hatch First 

Get SALT Encoding   

  12  0:01  Drone  
  13  0:07  Drone  
  14  0:16  Overlord  
  14  0:34  Drone x2  
  16  0:47  Hatchery  
  15  0:51  Drone  
  15  0:54  Drone  
  17  0:58  Drone  
  18  1:09  Extractor  
  17  1:12  Spawning Pool  
  17  1:16  Drone  
  17  1:21  Drone  
  18  1:29  Drone  
  19  1:40  Drone  
  20  1:51  Drone  
  21  1:59  Drone, Queen  
  21  2:00  Queen  
  21  2:01  Zergling x2  
  27  2:09  Metabolic Boost, Zergling x2  
  27  2:14  Overlord  
  28  2:28  Hatchery  
  27  2:32  Drone  
  27  2:35  Drone x2  
  30  2:42  Queen  
  32  2:46  Drone  
  32  2:48  Drone  
  34  2:53  Overlord  
  34  2:55  Drone  
  35  2:59  Drone  
  36  3:06  Overlord  
  36  3:13  Drone x3  
  36  3:15  Drone x3  
  36  3:17  Drone  
  43  3:22  Spore Crawler  
  43  3:25  Drone x2  
  44  3:32  Queen  
  46  3:34  Queen  
  46  3:38  Overlord  
  48  3:44  Drone  
  48  3:45  Drone x3  
  52  3:53  Drone x2  
  52  3:54  Drone x4  
  58  4:00  Overlord  
  58  4:01  Overlord  
  58  4:08  Overlord  
  58  4:16  Roach Warren, Zergling x2  
  58  4:19  Zergling x2  
  58  4:20  Zergling x12  
  65  4:25  Extractor, Lair  
  65  4:26  Extractor  
  65  4:27  Extractor  
  65  4:29  Drone x3  
  65  4:32  Overlord  
  64  4:39  Drone  
  64  4:40  Drone x4  
  64  4:43  Spore Crawler  
  64  4:44  Drone  
  69  4:47  Drone  
  69  4:48  Drone x2  
  72  4:53  Drone x4  
  72  4:58  Overlord, Drone  
  72  4:59  Drone  
  78  5:02  Overlord  
  78  5:07  Overlord  
  78  5:09  Roach  
  78  5:10  Overlord  
  80  5:18  Roach x2  
  80  5:20  Overlord  
  80  5:21  Roach x2  
  88  5:23  Overlord, Roach  
  88  5:27  Roach x2  
  94  5:32  Roach x3  
  96  5:36  Zergling x2  
  96  5:40  Roach  
  96  5:41  Ravager, Roach x2  
  96  5:42  Ravager x2  
  104  5:45  Roach x2  
  104  5:48  Roach  
  109  5:53  Roach x5  
  109  5:54  Roach  
  109  5:56  Roach  
  120  5:58  Roach  
  120  6:01  Ravager  
  123  6:06  Overlord, Roach  
  123  6:10  Roach x2  
  129  6:19  Zergling x2  
  129  6:22  Roach  
  129  6:23  Overlord x2  
  130  6:26  Spine Crawler  
  130  6:28  Roach x3  
  130  6:29  Spine Crawler  
  136  6:33  Roach  
Show
View Real Time Build Order
Export as new Build Order

Trumpet Protoss 

Build Orders: 1 Gate Expand 

Get SALT Encoding   

  12  0:00  Probe  
  13  0:12  Probe  
  14  0:20  Pylon  
  14  0:22  Probe  
  15  0:34  Probe  
  15  0:40  Gateway  
  16  0:43  Probe  
  16  0:47  Assimilator  
  17  0:56  Probe  
  18  1:08  Probe  
  19  1:20  Probe  
  20  1:26  Nexus  
  20  1:32  Probe  
  20  1:33  Cybernetics Core  
  21  1:41  Probe, Assimilator  
  22  1:50  Pylon  
  22  1:52  Probe  
  23  2:05  Probe  
  24  2:10  Warp Gate, Stalker  
  24  2:13  Probe  
  26  2:22  Probe  
  27  2:26  Robotics Facility  
  28  2:34  Probe  
  28  2:36  Probe  
  29  2:40  Stalker  
  32  2:44  Probe  
  32  2:46  Probe  
  34  2:55  Gateway  
  34  2:59  Probe  
  34  3:00  Probe  
  36  3:07  Warp Prism  
  36  3:10  Sentry  
  36  3:11  Probe  
  36  3:12  Probe  
  42  3:23  Probe  
  42  3:24  Probe  
  44  3:27  Pylon  
  44  3:35  Probe  
  44  3:36  Immortal, Probe  
  50  3:51  Pylon  
  50  4:02  Stalker x2  
  52  4:05  Immortal  
  52  4:08  Pylon  
  58  4:18  Gateway  
  58  4:20  Gateway  
  58  4:24  Pylon  
  60  4:29  Sentry x2  
  62  4:35  Immortal  
  62  4:41  Gateway x2  
  66  4:51  Pylon  
  66  4:53  Gateway  
  66  4:56  Gateway  
  66  5:01  Pylon  
  66  5:15  Pylon  
  66  5:24  Zealot x4  
  66  5:26  Pylon  
  68  5:44  Stalker x3  
  68  5:45  Stalker x3  
  80  5:50  Pylon  
  80  5:55  Zealot  
  80  5:56  Zealot  
  70  6:12  Zealot x3  
  70  6:13  Zealot x2  
  80  6:30  Zealot x4  
  72  6:41  Zealot  
  72  6:42  Zealot x3  
  66  6:52  Zealot x3  
Tags
 
Add a new tag
Caveats
  • Supply blocks, unpowered buildings, or Contaminate may cause inaccurate times.
  • Supply counts are checked every 10 seconds.